 Dungeon Crawl Stone Soup version 0.31-a0-1576-ga3383bade6 (webtiles) character file.

Game seed: 13010596127743636864

217 grandjackal the Chopper (level 5, -2/42 HPs)
             Began as a Demonspawn Gladiator on Jan 4, 2024.
             Slain by Crazy Yiuf
             ... wielding a +4 quarterstaff of chaos
              (13 damage)
             ... on level 3 of the Dungeon.
             The game lasted 00:03:23 (3047 turns).

grandjackal the Chopper (Demonspawn Gladiator)      Turns: 3047, Time: 00:03:24

Health: -2/42      AC:  7    Str: 16    XL:     5   Next: 61%
Magic:  5/5        EV: 11    Int:  9    God:
Gold:   122        SH:  4    Dex: 14    Spells: 4/4 levels left

rFire   . . .        v - +1 flail (heavy)
rCold   . . .        (no shield)
rNeg    . . .        s - +0 ring mail
rPois   .            c - +0 helmet
rElec   .            (no cloak)
rCorr   .            p - +0 pair of gloves
SInv    .            (no boots)
Will    .....        (no amulet)
Stlth   +            (no ring)
HPRegen 0.27/turn    (no ring)
MPRegen 0.09/turn

%: no passive effects
@: slowed, very slow
A: hooves 1, condensation shield
a: no special abilities


You were on level 3 of the Dungeon.
You visited 1 branch of the dungeon, and saw 4 of its levels.

You collected 122 gold pieces.

Inventory:

Hand Weapons
 a - a +0 war axe
 v - a +1 heavy flail (weapon)
Missiles
 d - 2 throwing nets (quivered)
 e - a javelin
Armour
 c - a +0 helmet (worn)
 p - a +0 pair of gloves (worn)
 s - a +0 ring mail (worn)
 t - the +0 cloak of Cowardice {rPois rC- Will+}
   (You found it on level 3 of the Dungeon)

   rC-:       It makes you vulnerable to cold.
   rPois:     It protects you from poison Will+: It increases your willpower.
Wands
 b - a wand of polymorph (9)
 u - a wand of paralysis (12)
Scrolls
 f - 2 scrolls of poison {unknown}
 g - 2 scrolls of fear {unknown}
 j - 5 scrolls of identify {unknown}
 l - a scroll of immolation {unknown}
 m - a scroll of noise {unknown}
 n - 2 scrolls of brand weapon {unknown}
Potions
 h - a potion of invisibility {unknown}
 i - a potion of berserk rage {unknown}
 k - 4 potions of curing {unknown}
 o - a potion of heal wounds {unknown}
 q - a potion of brilliance {unknown}
 r - a potion of magic {unknown}


   Skills:
 + Level 4.2 Fighting
 + Level 4.4 Axes
 - Level 2.0 Throwing
 - Level 3.0 Dodging


You had 4 spell levels left.
You didn't know any spells.
Your spell library contained the following spells:

 Spells                   Type           Power      Damage    Failure   Level
 Static Discharge         Conj/Air       0%         3-3/arc   75%         2
 Airstrike                Air            0%         2d(0-16)  100%        4
 Summon Lightning Spire   Summ/Air       0%         N/A       100%        4


Dungeon Overview and Level Annotations

Branches:
Dungeon (4/15)
 Temple: D:4-7

Altars:

Annotations:
D:3 3 runed translucent doors, Crazy Yiuf; innerfire43's ghost, amateur DsWn


Innate Abilities, Weirdness & Mutations

You have large cloven feet.
A meltable shield of frost defends you. (SH +4)


Message History

Crazy Yiuf is caught in the net!
Crazy Yiuf struggles against the net.
You hit Crazy Yiuf. You kick Crazy Yiuf.
Crazy Yiuf is lightly wounded.
Crazy Yiuf struggles against the net. x2
You completely miss Crazy Yiuf. You kick Crazy Yiuf.
Crazy Yiuf is moderately wounded.
Crazy Yiuf struggles against the net. x2
The net rips apart, and Crazy Yiuf comes free!
You closely miss Crazy Yiuf. Your kick misses Crazy Yiuf.
Crazy Yiuf is moderately wounded.
Crazy Yiuf closely misses you.
Throw: 3 throwing nets
Press: ? - help, Q - select action, (/) - cycle Shift-Dir - straight line, f/p - Crazy Yiuf
Aim: Crazy Yiuf, wielding a +4 quarterstaff of chaos and wearing a +0 cloak (moderately wounded, 63% to hit)
You throw a throwing net. The throwing net hits Crazy Yiuf.
Crazy Yiuf is caught in the net!
Crazy Yiuf is moderately wounded.
Crazy Yiuf struggles against the net.
You hit Crazy Yiuf. You kick Crazy Yiuf.
Crazy Yiuf is heavily wounded.
Crazy Yiuf struggles against the net. x2
You hit Crazy Yiuf but do no damage. You kick Crazy Yiuf.
Crazy Yiuf is heavily wounded.
Crazy Yiuf struggles against the net. x2
The net rips apart, and Crazy Yiuf comes free!
You hit Crazy Yiuf.
Crazy Yiuf is almost dead.
Your attacks no longer feel as feeble.
Crazy Yiuf sings, "Trees, trees, trees, circus!"
Crazy Yiuf hits you with a +4 quarterstaff of chaos.
You feel yourself slow down. Crazy Yiuf misses you.
You hit Crazy Yiuf.
Crazy Yiuf is almost dead.
You block Crazy Yiuf's attack.
Crazy Yiuf hits you with a +4 quarterstaff of chaos.
* * * LOW HITPOINT WARNING * * *
You feel as though you will be slow longer.
Crazy Yiuf hits you with a +4 quarterstaff of chaos!
You die...

.####################
.......#............#
.....(......######..#
......)#.#### ####
..##...#.# ######
#.##...#.# #.(..#
#.##.....# ###
♣♣#####.# #........#
#)..#♣♣ ♣♣..#.##.#
#..#.....#
#...g@♣♣♣♣......#.#
...#.....#
#...#♣..♣.........#
#..#.....# ###
♣♣♣.♣...####.####
...#.##.##
♣♣♣♣♣##........
##...##.## ####.####
##......# ### ### #.#
. #..##### #.# #.#
#.# ..##.########.#
#.# #.#
$..#..........# #.#
#.#


You could see Crazy Yiuf.

Vanquished Creatures
  Blork the orc (D:4)
  Ijyb (D:3)
  Robin (D:3)
  4 adders
  A ribbon worm (D:2)
  2 dart slugs
  5 bats
  3 endoplasms
  3 giant cockroaches
  10 goblins
  7 hobgoblins
  3 jackals (D:1)
  6 kobolds
  4 quokkas
  5 ball pythons
  4 frilled lizards
  9 rats
69 creatures vanquished.

Notes
Turn   | Place    | Note
-------+----------+-------------------------------------------
     0 | D:1      | grandjackal the Demonspawn Gladiator began the quest for
                  | the Orb.
     0 | D:1      | Reached XP level 1. HP: 16/16 MP: 1/1
   177 | D:1      | Gained mutation: A meltable shield of frost defends you.
                  | (SH +4) [demonic ancestry]
   177 | D:1      | Reached XP level 2. HP: 22/22 MP: 2/2
   941 | D:2      | Gained mutation: You have large cloven feet. [demonic
                  | ancestry]
   941 | D:2      | Reached XP level 3. HP: 28/28 MP: 3/3
  1162 | D:2      | Found a faded altar of an unknown god.
  1540 | D:2      | Reached XP level 4. HP: 35/35 MP: 4/4
  2015 | D:3      | Noticed innerfire43's ghost (amateur DsWn)
  2149 | D:3      | Found a runed translucent gate.
  2149 | D:3      | Found a runed translucent gate.
  2149 | D:3      | Found a runed translucent gate.
  2215 | D:3      | Noticed Ijyb
  2241 | D:4      | Noticed Blork the orc
  2265 | D:3      | Killed Ijyb
  2533 | D:3      | Identified the +0 cloak of Cowardice {rPois rC- Will+}
  2580 | D:3      | Noticed Robin
  2597 | D:3      | Killed Robin
  2598 | D:3      | Reached XP level 5. HP: 42/42 MP: 5/5
  2634 | D:3      | Found a runed translucent door.
  2635 | D:3      | Noticed Crazy Yiuf
  2780 | D:4      | HP: 2/42 [Blork the orc/puff of frost (8)]
  2783 | D:4      | Killed Blork the orc
  3047 | D:3      | Slain by Crazy Yiuf

Illustrated notes

Levels and vault maps discovered:
D:1:      dpeg_arrival_erosion, layout_basic
D:2:      layout_basic, ebering_ecumenical_altar_sacrificial,
          minmay_indecisive_spiral
D:3:      layout_loops_ring, gammafunk_ghost_icy, uniq_ijyb,
          uniq_crazy_yiuf_cottage, uniq_robin
D:4:      minmay_chambers_of_twos, layout_basic, serial_shops,
          kennysheep_mini_moat, uniq_blork_the_orc

Skill      XL: |  1  2  3  4  5 |
---------------+----------------+-----
Throwing       | 2 |  2.0
Axes           | 3 4 |  4.4
Dodging        | 3 |  3.0
Fighting       | 3 4 |  4.2

Action                     |  1- 3 |  4- 6 || total
---------------------------+-------+-------++-------
  Melee: War axe           |   111 |    61 ||   172
         Kick              |     6 |    23 ||    29
         Unarmed           |       |     9 ||     9
         Punch             |       |     3 ||     3
         Flail             |       |    10 ||    10
  Throw: Throwing net      |       |     3 ||     3
   Stab: Sleeping          |       |     1 ||     1
 Armour: Leather armour    |    60 |     1 ||    61
         Ring mail         |       |    35 ||    35
         Skin              |       |     8 ||     8
  Dodge: Dodged            |    66 |    36 ||   102
  Block: Other             |    14 |    10 ||    24

Table legend: (Time is in decaauts)
 A = Elapsed time spent in this place.
 B = Non-inter-level travel time spent in this place.
 C = Inter-level travel time spent in this place.
 D = Time resting spent in this place.
 E = Time spent auto-exploring this place.
 F = Levels seen in this place.
 G = Mean time per level.
                   A        B        C        D        E       F      G
               +--------+--------+--------+--------+--------+-----+--------+
         Total |   3104 |   2952 |    152 |    249 |   2157 |   4 |  776.0 |
       Dungeon |   3104 |   2952 |    152 |    249 |   2157 |   4 |  776.0 |
               +--------+--------+--------+--------+--------+-----+--------+

Top non-repeatable levels by time:
     D:3: 1143 daAuts
     D:2: 1026 daAuts
     D:1: 911 daAuts
     D:4: 24 daAuts
